 Dungeon Crawl Stone Soup version 0.28-a0-172-g787e458d71 (webtiles) character file.

Game seed: 12579794735462514756

497 Maimakterion the Ruffian (level 6, 0/48 HPs)
             Began as a Demonspawn Berserker on Aug 16, 2021.
             Was a Believer of Trog.
             Slain by Duvessa (4 damage)
             ... on level 4 of the Dungeon.
             The game lasted 00:03:51 (3282 turns).

Maimakterion the Ruffian (Demonspawn Berserker)     Turns: 3282, Time: 00:03:52

Health: 0/48       AC:  9    Str: 25    XL:     6   Next: 93%
Magic:  6/6        EV: 12    Int:  9    God:    Trog [**....]
Gold:   141        SH:  0    Dex: 12    Spells: 5/5 levels left

rFire   . . .      SeeInvis .     - Unarmed
rCold   . . .      Faith    .   (no shield)
rNeg    . . .      Spirit   .   h - +0 leather armour
rPois   .          Reflect  .   b - +0 helmet
rElec   .          Harm     .   g - +0 cloak
rCorr   .          Rampage  .   (no gloves)
Will    ++...                   (no boots)
Stlth   +.........              (no amulet)
HPRegen 1.16/turn               d - +4 ring of protection
MPRegen 0.10/turn               j - +6 ring of strength

@: strong-willed, regenerating
A: talons 1, demonic magic 2
a: Renounce Religion, Berserk, Trog's Hand


You were on level 4 of the Dungeon.
You worshipped Trog.
Trog was pleased with you.
You visited 1 branch of the dungeon, and saw 4 of its levels.

You collected 141 gold pieces.

Inventory:

Missiles
 i - a throwing net (quivered)
Armour
 b - a +0 helmet (worn)
 g - a +0 cloak (worn)
 h - a +0 leather armour (worn)
Jewellery
 d - a +4 ring of protection (left hand)
 j - a +6 ring of strength (right hand)
Scrolls
 a - a scroll of teleportation
Potions
 c - 2 potions of might
 e - a potion of curing {unknown}
 f - 2 potions of degeneration {unknown}


   Skills:
 + Level 3.7 Fighting
 - Level 3.1 Polearms
 + Level 2.9 Armour
 + Level 2.7 Dodging
 * Level 5.0 Unarmed Combat


You had 5 spell levels left.
You didn't know any spells.
Your spell library was empty.

Dungeon Overview and Level Annotations

Branches:
Dungeon (4/15)
 Temple: D:4-7

Altars:
Cheibriados
Xom

Shops:
D:2 :

Annotations:
D:4 Dowan, Duvessa


Innate Abilities, Weirdness & Mutations

You have sharp toenails.
Spells you cast may paralyse nearby enemies.


Message History

You hit Duvessa but do no damage.
Duvessa is heavily wounded.
Duvessa hits you with a +1 short sword of speed.
Dowan casts a spell at Duvessa.
Duvessa seems to speed up.
Duvessa hits you with a +1 short sword of speed.
You take 5 damage, and have 32/48 hp.
You hit Duvessa. You claw Duvessa, but do no damage.
Duvessa is heavily wounded.
Duvessa barely misses you. x2
You hit Duvessa but do no damage.
Duvessa is heavily wounded.
Duvessa hits you with a +1 short sword of speed.
Duvessa barely misses you.
Dowan casts a spell.
Dowan blinks!
You take 3 damage, and have 29/48 hp.
You hit Duvessa.
Duvessa is severely wounded.
Duvessa hits you with a +1 short sword of speed.
Duvessa closely misses you.
You take 3 damage, and have 26/48 hp.
You barely miss Duvessa. You claw Duvessa, but do no damage.
Duvessa is severely wounded.
Duvessa closely misses you.
Duvessa hits you with a +1 short sword of speed. x2
* * * LOW HITPOINT WARNING * * *
You take 12 damage, and have 14/48 hp.
MASSIVE DAMAGE!!
You barely miss Duvessa. Your kick misses Duvessa.
Duvessa is severely wounded.
Duvessa hits you but does no damage.
Duvessa hits you with a +1 short sword of speed.
* * * LOW HITPOINT WARNING * * *
You take 1 damage, and have 13/48 hp.
Your skin crawls.
You feel strong-willed.
Duvessa hits you with a +1 short sword of speed!
* * * LOW HITPOINT WARNING * * *
Duvessa hits you with a +1 short sword of speed.
You die...

#...........#.#'##+##'###.
#.......#...#.#.##.##.###.
...#........#.#'##†##'#<..
##...###.#.#.......#.##
##.#.##...##..._...#.#
..###..######..##.....##.#
#.........#......#######..##
#............#.....#.......#
......##..e@(#.....####....#
#...#.##.e..##.........##..#
........).#####..........##.
###.....## #......###....
#.....†## #.......#....#
........# ...............#
......#.. ............#...#
......##.. ..............###
..... ..................#.


You could see Duvessa (fast) and Dowan.

Vanquished Creatures
  Grinder (D:3)
  A kobold brigand (D:3)
  A water moccasin zombie (D:3)
  2 jellies (D:4)
  Terence (D:3)
  Robin (D:3)
  An adder (D:4)
  A worm (D:3)
  3 dart slugs
  6 orcs
  3 ball pythons
  An endoplasm (D:1)
  3 giant cockroaches
  7 hobgoblins
  An iguana (D:4)
  4 kobolds
  A quokka (D:3)
  2 bats (D:1)
  2 frilled lizards (D:1)
  10 goblins
  2 rats
54 creatures vanquished.

Notes
Turn   | Place    | Note
-------+----------+-------------------------------------------
     0 | D:1      | Maimakterion the Demonspawn Berserker began the quest for
                  | the Orb.
     0 | D:1      | Reached XP level 1. HP: 18/18 MP: 1/1
    48 | D:1      | Found a faded altar of an unknown god.
   211 | D:1      | Gained mutation: You have sharp toenails. [demonic
                  | ancestry]
   211 | D:1      | Reached XP level 2. HP: 11/24 MP: 2/2
   769 | D:2      | Found Jutir's Book Shop.
   927 | D:2      | Gained mutation: Spells you cast may paralyse adjacent
                  | enemies. [demonic ancestry]
   927 | D:2      | Reached XP level 3. HP: 21/29 MP: 3/3
  1658 | D:3      | Found a snail-covered altar of Cheibriados.
  1680 | D:3      | Reached ** piety under Trog
  1699 | D:3      | Noticed Robin
  1725 | D:3      | Reached skill level 1 in Unarmed Combat
  1752 | D:3      | Killed Robin
  2041 | D:3      | Gained mutation: Spells you cast may paralyse nearby
                  | enemies. [demonic ancestry]
  2041 | D:3      | Reached XP level 4. HP: 21/35 MP: 4/4
  2181 | D:3      | Noticed a kobold brigand
  2205 | D:3      | Killed a kobold brigand
  2206 | D:3      | Reached skill level 2 in Unarmed Combat
  2206 | D:3      | Reached XP level 5. HP: 17/41 MP: 5/5
  2420 | D:3      | Reached skill level 3 in Unarmed Combat
  2529 | D:3      | Noticed Grinder
  2542 | D:3      | Paralysed by Grinder for 2 turns
  2553 | D:3      | Killed Grinder
  2554 | D:3      | Reached skill level 4 in Unarmed Combat
  2554 | D:3      | Reached XP level 6. HP: 27/48 MP: 6/6
  2806 | D:3      | Noticed Terence
  2818 | D:3      | Killed Terence
  2917 | D:4      | Noticed Duvessa
  2917 | D:4      | Noticed Dowan
  2996 | D:4      | Found a shimmering altar of Xom.
  3264 | D:4      | Reached skill level 5 in Unarmed Combat
  3282 | D:4      | Slain by Duvessa

Illustrated notes

Levels and vault maps discovered:
D:1:      nicolae_arrival_memento_mori, layout_rooms,
          dreamdust_ecumenical_altar_hidden_monk_grotto
D:2:      layout_loops_corners, serial_shops, nicolae_lakefront_shop
D:3:      layout_rooms, mainiacjoe_overflow_24_doors, uniq_grinder,
          uniq_terence, uniq_robin
D:4:      minmay_chambers_of_twos, layout_cave_pools, dk_xom_monty_hall,
          uniq_duvessa

Skill      XL: |  1  2  3  4  5  6 |
---------------+-------------------+-----
Polearms       | 3 |  3.1
Armour         | 2 |  2.9
Dodging        | 2 |  2.7
Unarmed Combat | 1 2 4 5 |  5.0
Fighting       | |  3.7

Action                   |  1- 3 |  4- 6 || total
-------------------------+-------+-------++-------
Melee: Spear             |    22 |       ||    22
       Unarmed           |   125 |    91 ||   216
       Kick              |    45 |    34 ||    79
Invok: Trog's Hand       |       |     1 ||     1
  Use: Scroll            |     4 |     1 ||     5
       Potion            |       |     1 ||     1
 Stab: Sleeping          |     1 |       ||     1
Armor: Animal skin       |     3 |       ||     3
       Leather armour    |    44 |    27 ||    71
Dodge: Dodged            |    57 |    51 ||   108

Table legend: (Time is in decaauts)
 A = Elapsed time spent in this place.
 B = Non-inter-level travel time spent in this place.
 C = Inter-level travel time spent in this place.
 D = Time resting spent in this place.
 E = Time spent auto-exploring this place.
 F = Levels seen in this place.
 G = Mean time per level.
                   A        B        C        D        E       F      G
               +--------+--------+--------+--------+--------+-----+--------+
         Total |   3274 |   3142 |    132 |    766 |   1824 |   4 |  818.5 |
       Dungeon |   3274 |   3142 |    132 |    766 |   1824 |   4 |  818.5 |
               +--------+--------+--------+--------+--------+-----+--------+

Top non-repeatable levels by time:
     D:3: 1343 daAuts
     D:2: 966 daAuts
     D:1: 663 daAuts
     D:4: 301 daAuts
